 Dungeon Crawl Stone Soup version 0.29-a0-275-g389c0b56f3 (webtiles) character file.

Game seed: 1704359183584206461

117 siradein the Shooter (level 5, -6/45 HPs)
             Began as a Hill Orc Hunter on Mar 10, 2022.
             Succumbed to a water moccasin's poison
             ... on level 3 of the Dungeon.
             The game lasted 00:07:33 (2729 turns).

siradein the Shooter (Hill Orc Hunter)              Turns: 2729, Time: 00:07:34

Health: -6/45      AC:  5    Str: 15    XL:     5   Next: 1%
Magic:  5/5        EV: 11    Int: 11    God:
Gold:   150        SH:  0    Dex: 13    Spells: 4/4 levels left

rFire   . . .      SeeInvis .   a - +1 shortbow
rCold   . . .      Faith    .   (shield currently unavailable)
rNeg    . . .      Spirit   .   h - +0 ring mail
rPois   .          Reflect  .   (no helmet)
rElec   .          Harm     .   (no cloak)
rCorr   .          Rampage  .   (no gloves)
Will    .....                   (no boots)
Stlth   +.........              (no amulet)
HPRegen 0.15/turn               (no ring)
MPRegen 0.09/turn               (no ring)

@: lethally poisoned (-6 -> -32)
A: no striking features
a: no special abilities


You were on level 3 of the Dungeon.
You visited 1 branch of the dungeon, and saw 3 of its levels.
You also visited: Sewer.

You collected 150 gold pieces.

Inventory:

Hand Weapons
 a - a +1 shortbow (weapon)
 j - a +1 short sword of speed
Armour
 h - a +0 ring mail (worn)
Scrolls
 c - a scroll of immolation
 d - 2 scrolls of identify {unknown}
 e - a scroll of amnesia {unknown}
 g - a scroll of fear {unknown}
 i - a scroll of enchant weapon {unknown}
 k - 3 scrolls of enchant armour {unknown}
 l - a scroll of silence {unknown}
 n - 2 scrolls of blinking {unknown}
 o - a scroll of teleportation {unknown}
Potions
 b - 3 potions of resistance {unknown}
 f - 2 potions of curing {unknown}
 m - a potion of might {unknown}
 p - 2 potions of magic {unknown}
 q - 2 potions of heal wounds {unknown}
 r - a potion of mutation {unknown}


   Skills:
 + Level 3.6 Fighting
 + Level 4.2 Bows
 + Level 2.2 Armour
 + Level 2.4 Dodging
 - Level 0.7 Stealth


You had 4 spell levels left.
You didn't know any spells.
Your spell library contained the following spells:

 Spells                   Type           Power      Damage    Failure   Level
 Magic Dart               Conj           0%         1d3       56%         1
 Searing Ray              Conj           0%         2d4       71%         2
 Fulminant Prism          Conj/Hex       0%         3d6       100%        4


Dungeon Overview and Level Annotations

Branches:
Dungeon (3/15)              Sewer (visited)

Altars:
Cheibriados
Qazlal

Annotations:
D:2 1 runed translucent door, Crazy Yiuf


Message History

The water moccasin bites you.
The water moccasin attacks as you move away!
The water moccasin barely misses you.
You enter the shallow water.
Moving in this stuff is going to be slow.
The water moccasin bites you but does no damage.
Why would you want to do that? The water moccasin closely misses you.
You enter the shallow water.
Moving in this stuff is going to be slow.
The water moccasin bites you!
You are poisoned.
The water moccasin poisons you!
You feel very sick. The water moccasin bites you.
The water moccasin attacks as you move away!
The water moccasin misses you.
You feel very sick.
The water moccasin bites you but does no damage.
The water moccasin misses you.
You feel sick.
You enter the shallow water.
Moving in this stuff is going to be slow.
You feel sick.
The water moccasin completely misses you.
You feel sick. The water moccasin bites you.
You enter the shallow water.
Moving in this stuff is going to be slow.
You feel sick. The water moccasin bites you.
You are more poisoned.
The water moccasin poisons you!
You feel very sick.
The water moccasin bites you but does no damage.
There is a gate leading back out of this place here.
You feel sick. The water moccasin bites you.
* * * LOW HITPOINT WARNING * * *
You are lethally poisoned!
The water moccasin poisons you! The water moccasin bites you!
* * * LOW HITPOINT WARNING * * *
Welcome back to the Dungeon!
You die...

......h......#####.... ..#
.#.#########..#.....#####..###
.......(.....................
.#.##########.#......#.##..#
.#.# #...........#..# .#.####
#..###(####....# <#....#
##.#≈###≈≈##'..# ##....#
#.#≈'≈≈≈≈≈†#..# .+....#
#.#@S≈≈≈≈≈≈#..... ##....#
#.#≈###≈≈##+.##.## ######
#.### #### .. .. #.. ## .. ##
.


You could see a water moccasin.

Vanquished Creatures
  A hound (D:3)
  3 gnolls
  A dart slug (D:2)
  An endoplasm (D:2)
  2 giant cockroaches (D:1)
  8 goblins
  4 hobgoblins
  2 jackals (D:3)
  4 kobolds
  10 quokkas
  2 ball pythons (D:1)
  3 bats (D:1)
  6 frilled lizards
  4 rats
51 creatures vanquished.

Notes
Turn   | Place    | Note
-------+----------+-------------------------------------------
     0 | D:1      | siradein the Hill Orc Hunter began the quest for the Orb.
     0 | D:1      | Reached XP level 1. HP: 18/18 MP: 1/1
   213 | D:1      | Reached XP level 2. HP: 23/25 MP: 2/2
   370 | D:1      | Reached skill level 1 in Armour
   906 | D:1      | Reached XP level 3. HP: 27/30 MP: 3/3
  1544 | D:2      | Found a faded altar of an unknown god.
  1649 | D:2      | Found a snail-covered altar of Cheibriados.
  1748 | D:2      | Found a runed translucent door.
  1749 | D:2      | Noticed Crazy Yiuf
  1934 | D:2      | Reached skill level 4 in Bows
  1934 | D:2      | Reached XP level 4. HP: 30/38 MP: 4/4
  2285 | D:3      | Found a stormy altar of Qazlal.
  2566 | D:3      | Reached XP level 5. HP: 31/45 MP: 5/5
  2574 | D:3      | Found a glowing drain.
  2578 | Sewer    | Entered a sewer
  2715 | Sewer    | Noticed a water moccasin
  2728 | Sewer    | HP: 2/45 [water moccasin (8)]
  2729 | D:3      | Succumbed to a water moccasin's poison

Illustrated notes

Levels and vault maps discovered:
D:1:      dpeg_arrival_court, layout_loops_ring
D:2:      layout_rooms, chequers_ecumenical_altar_island, basic_altar,
          uniq_crazy_yiuf_cottage
D:3:      layout_basic, nicolae_qazlal_general_emergency,
          ebering_ghost_disaster_area, gup_sewer_entry_bowl, uniq_pargi

Skill      XL: |  1  2  3  4 |
---------------+-------------+-----
Armour         | 1 2 |  2.2
Fighting       | 3 |  3.6
Dodging        | 2 |  2.4
Bows           | 4 |  4.2
Stealth        | |  0.7

Action                   |  1- 3 |  4- 6 || total
-------------------------+-------+-------++-------
Melee: Dagger            |    13 |       ||    13
       Short sword       |     9 |     7 ||    16
       Punch             |       |     1 ||     1
 Fire: Shortbow          |   124 |    33 ||   157
Armor: Leather armour    |    19 |       ||    19
       Ring mail         |    15 |    16 ||    31
Dodge: Dodged            |    63 |    43 ||   106

Table legend: (Time is in decaauts)
 A = Elapsed time spent in this place.
 B = Non-inter-level travel time spent in this place.
 C = Inter-level travel time spent in this place.
 D = Time resting spent in this place.
 E = Time spent auto-exploring this place.
 F = Levels seen in this place.
 G = Mean time per level.
                   A        B        C        D        E       F      G
               +--------+--------+--------+--------+--------+-----+--------+
         Total |   2804 |   2778 |     26 |    691 |   1456 |   4 |  701.0 |
       Dungeon |   2634 |   2608 |     26 |    691 |   1312 |   3 |  878.0 |
         Sewer |    170 |    170 |      0 |      0 |    144 |   1 |  170.0 |
               +--------+--------+--------+--------+--------+-----+--------+

Top non-repeatable levels by time:
     D:1: 1396 daAuts
     D:2: 754 daAuts
     D:3: 482 daAuts
   Sewer: 170 daAuts
